 Dungeon Crawl Stone Soup version 0.29.1-2-gbd0b4ee654 (webtiles) character file.

Game seed: 11181346075626794664

13097 hawla the Thaumaturge (level 12, -11/89 HPs)
             Began as a Meteoran Air Elementalist on Nov 16, 2022.
             Was a Believer of Vehumet.
             Mangled by a two-headed ogre
             ... wielding a +0 giant club
              (27 damage)
             ... on level 2 of the Orcish Mines on Nov 19, 2022.
             The game lasted 00:50:56 (6046 turns).

hawla the Thaumaturge (Meteoran Air Elementalist)   Turns: 6046, Time: 00:50:56

Health: -11/89     AC:  6    Str:  9    XL:     12   Next: 59%
Magic:  17/29      EV: 14    Int: 23    God:    Vehumet [**....]
Gold:   419        SH:  5    Dex: 15    Spells: 18/36 levels left

rFire   + . .      SeeInvis .   v - +0 lajatang
rCold   . . .      Faith    .   (shield currently unavailable)
rNeg    . . .      Spirit   .   a - +1 robe
rPois   .          Reflect  +   x - +0 helmet
rElec   .          Harm     .   l - +0 cloak {rCorr}
rCorr   +          Rampage  .   (no gloves)
Will    +++..                   n - +0 pair of boots
Stlth   +.........              e - amulet of reflection
HPRegen 0.24/turn               A - ring of protection from fire
MPRegen 0.21/turn               t - ring of willpower

@: glowing, unable to read
A: sense surroundings 2, otherworldly, glowing, explore regen, strong-willed 1,
inability to read after injury 1
a: Renounce Religion


You were on level 2 of the Orcish Mines.
You worshipped Vehumet.
Vehumet was pleased with you.
You visited 3 branches of the dungeon, and saw 14 of its levels.

You collected 1038 gold pieces.
You spent 619 gold pieces at shops.

Inventory:

Hand Weapons
 i - a +2 quarterstaff of chaos
 v - a +0 lajatang (weapon)
Armour
 a - a +1 robe (worn)
 l - a +0 cloak of preservation (worn)
 n - a +0 pair of boots (worn)
 x - a +0 helmet (worn)
Jewellery
 e - an amulet of reflection (around neck)
 f - a ring of flight
 t - a ring of willpower (right hand)
 A - a ring of protection from fire (left hand)
 B - a +4 ring of slaying
Wands
 c - a wand of flame (18) (quivered)
 h - a wand of roots (10)
 u - a wand of acid (11)
 z - a wand of polymorph (2)
Scrolls
 o - a scroll of amnesia
 w - a scroll of identify
Potions
 d - 3 potions of ambrosia
 j - 3 potions of brilliance
 k - 2 potions of might
 m - 4 potions of curing
 p - 2 potions of flight
 q - 2 potions of cancellation
 r - a potion of resistance


   Skills:
 + Level 3.0 Fighting
 + Level 5.1 Staves
 + Level 4.9 Dodging
 - Level 1.4 Stealth
 + Level 3.0 Shields
 + Level 12.8 Spellcasting
 + Level 5.0 Conjurations
 + Level 8.6 Necromancy
 + Level 11.9 Air Magic
 + Level 6.1 Poison Magic
 + Level 2.0 Evocations


You had 18 spell levels left.
You knew the following spells:

 Your Spells              Type           Power      Damage    Failure   Level
a - Shock                 Conj/Air       100%       1d9       1%          1
b - Static Discharge      Conj/Air       52%        3-10/arc  1%          2
c - Airstrike             Air            31%        2d(5-21)  1%          4
d - Dispel Undead         Necr           53%        3d19      1%          4
e - Olgreb's Toxic Radia  Pois           42%        N/A       3%          4
f - Frozen Ramparts       Ice            28%        1d5       13%         3

Your spell library contained the following spells:

 Spells                   Type           Power      Damage    Failure   Level
 Magic Dart               Conj           100%       1d8       1%          1
 Sting                    Tmut/Pois      100%       1d8       1%          1
 Poisonous Vapours        Pois/Air       100%       N/A       1%          2
 Mephitic Cloud           Conj/Pois/Air  50%        N/A       1%          3
 Swiftness                Air            62%        N/A       1%          3
 Corpse Rot               Necr/Pois/Air  53%        N/A       1%          4
 Call Imp                 Summ           14%        N/A       6%          2
 Ensorcelled Hibernation  Hex/Ice        28%        N/A       6%          2
 Passwall                 Tmut/Erth      11%        N/A       6%          2
 Portal Projectile        Hex/Tloc       28%        N/A       13%         3
 Tukima's Dance           Hex            14%        N/A       13%         3
 Sticky Flame             Conj/Fire      26%        2d5       16%         4
 Blade Hands              Tmut           7%         N/A       75%         5


Dungeon Overview and Level Annotations

Branches:
Dungeon (11/15) Zot: 1253  Temple (1/1) D:6 Zot: 580     Orc (2/2) D:10 Zot: 695
    Elf (0/3) Orc:2
   Lair: D:8-11

Altars:
Ashenzari
Fedhas
Gozag
Hepliaklqana
Makhleb
Nemelex Xobeh
Okawaru
Qazlal
Uskayaw
Vehumet
Wu Jian
Xom
Zin

Shops:
D:9 (*   D:10 [   D:11 *

Annotations:
D:5 Dowan, Duvessa


Innate Abilities, Weirdness & Mutations

You passively map the area around you.
You are easily found by Zot.
You glow in the dark.
You regain HP and MP as you explore.
You are strong-willed. (Will+)
You occasionally lose the ability to read scrolls when taking damage.


Message History

Confirm with . or Enter, or press ? or * to list all spells.
You begin to radiate toxic energy.
The two-headed ogre is poisoned.
The ogre is poisoned.
The troll is poisoned.
The two-headed ogre is poisoned.
The ogre is poisoned. x2; The troll is poisoned.
The two-headed ogre looks even sicker.
The troll looks even sicker.
The two-headed ogre looks even sicker.
Magic courses through your body.
The ogre shouts!
The ogre is poisoned.
The two-headed ogre looks even sicker.
The troll looks even sicker.
The ogre looks even sicker.
The ogre is poisoned.
The ogre looks even sicker.
The troll looks even sicker.
Your toxic aura wanes.
You hear a shout!
You kill the ogre!
Vehumet accepts your kill. The two-headed ogre misses you.
The two-headed ogre barely misses you.
Casting: Olgreb's Toxic Radiance (dangerous; 3% risk of failure)
Confirm with . or Enter, or press ? or * to list all spells.
You begin to radiate toxic energy.
The two-headed ogre looks as sick as possible!
The troll looks even sicker.
The two-headed ogre looks as sick as possible!
The ogre looks even sicker.
The two-headed ogre looks even sicker.
The ogre looks even sicker.
The ogre hits you with a +0 giant club!!
You feel threatened and lose the ability to read scrolls!
The two-headed ogre closely misses you.
The two-headed ogre hits you with a +0 giant spiked club!
* * * LOW HITPOINT WARNING * * *
You cannot read scrolls in your current state!
You slash the ogre!
The ogre is almost dead.
The two-headed ogre looks as sick as possible!
You kill the ogre!
Vehumet accepts your kill.
The troll is poisoned. x2; The troll looks as sick as possible!
Your toxic aura wanes.
The two-headed ogre misses you.
The two-headed ogre hits you with a +0 giant club!!
You die...

,,,,....T....)..............#)..#
,,,,....................[......##
,,,,.....#..T...)...T^.........##
,,,,......#..OO...........[[....#
**,,.O.T...........)....#).#.....
***,...........T.........##......
,***.$#...<.....O.O##...#......##
**
*#*##........O..#.ยง......##### *
*#.#.......@.###.#)#...##
#..........T####.#.[....#
#..........[.#..[.[.[)..##
##.#........)........#...#
###.........#.##.#.#...##
**,#.........#########.##
*,.......<....*,** ###
**.#...........,,**
****,.............,,****


You could see 2 two-headed ogres, 4 trolls and 3 ogres.

Vanquished Creatures
  An ogre mage (Orc:2)
  5 two-headed ogres
  A centaur warrior (D:8)
  2 deep trolls (Orc:2)
  Pikel (D:7)
  3 trolls
  Grinder (D:6)
  Prince Ribbit (D:5)
  2 wyverns (D:10)
  A wraith (D:8)
  A vampire (D:8)
  5 yaks
  2 steam dragons
  4 vampire mosquitoes (D:10)
  Menkaure (D:7)
  A warg (Orc:1)
  An acid dragon (D:9)
  12 orc warriors
  A sky beast (D:6)
  An ice beast (D:7)
  A black bear (D:5)
  10 ogres
  A phantom (D:5)
  A centaur (D:6)
  2 kobold brigands
  2 scorpions (D:5)
  A bullfrog (D:8)
  A gnoll sergeant (D:10)
  A howler monkey (D:5)
  2 quasits
  9 orc priests
  Crazy Yiuf (D:3)
  2 hounds
  A jelly (D:6)
  A gnoll bouda (D:6)
  Natasha (thrice) (D:2)
  5 iguanas
  14 orc wizards
  4 adders
  10 gnolls
  A shadow imp (D:7)
  2 white imps
  7 ufetubi
  A dart slug (D:3)
  54 orcs
  6 ball pythons
  7 endoplasms
  4 giant cockroaches
  9 goblins
  4 hobgoblins
  3 quokkas
  8 bats
  20 kobolds
  A rat (D:1)
246 creatures vanquished.

Vanquished Creatures (others)
  5 demonic plants (D:7)
5 creatures vanquished.

Grand Total: 251 creatures vanquished

Notes
Turn   | Place    | Note
-------+----------+-------------------------------------------
     0 | D:1      | hawla the Meteoran Air Elementalist began the quest for the
                  | Orb.
     0 | D:1      | Reached XP level 1. HP: 14/14 MP: 5/5
   224 | D:1      | Reached XP level 2. HP: 18/20 MP: 3/6
   237 | D:1      | Reached skill level 3 in Spellcasting
   240 | D:1      | Learned a level 2 spell: Static Discharge
   313 | D:1      | Found a faded altar of an unknown god.
   500 | D:1      | Glimpsed the power of Zot.
   552 | D:2      | Reached XP level 3. HP: 26/26 MP: 5/8
   558 | D:2      | Noticed Natasha
   564 | D:2      | Killed Natasha
   565 | D:2      | Reached XP level 4. HP: 22/33 MP: 1/10
   570 | D:2      | Learned a level 4 spell: Airstrike
   608 | D:2      | Reached skill level 5 in Air Magic
   689 | D:2      | Noticed Natasha
   693 | D:2      | Killed Natasha
   694 | D:2      | Reached XP level 5. HP: 11/38 MP: 7/11
   706 | D:2      | Noticed Natasha
   712 | D:2      | HP: 1/57 [something (7)]
   715 | D:2      | Killed Natasha
  1048 | D:3      | Noticed a +0 dagger
  1049 | D:3      | Found a hide-covered altar of Uskayaw.
  1049 | D:3      | Noticed a +0 dagger
  1091 | D:3      | Found a runed translucent door.
  1092 | D:3      | Noticed Crazy Yiuf
  1099 | D:3      | Killed Crazy Yiuf
  1100 | D:3      | Reached XP level 6. HP: 26/45 MP: 4/12
  1637 | D:3      | Found a shimmering altar of Xom.
  1696 | D:4      | Gained mutation: You have sharp fingernails. [potion of
                  | mutation]
  1696 | D:4      | Gained mutation: Your mind is acute. (Int +4, Str/Dex -1)
                  | [potion of mutation]
  1696 | D:4      | Gained mutation: You occasionally lose the ability to drink
                  | potions when taking damage. [potion of mutation]
  1697 | D:4      | Lost mutation: Your mind is acute. (Int +4, Str/Dex -1)
                  | [potion of mutation]
  1697 | D:4      | Lost mutation: You occasionally lose the ability to drink
                  | potions when taking damage. [potion of mutation]
  1697 | D:4      | Lost mutation: You have sharp fingernails. [potion of
                  | mutation]
  1697 | D:4      | Gained mutation: You are strong-willed. (Will+) [potion of
                  | mutation]
  1697 | D:4      | Gained mutation: You occasionally lose the ability to read
                  | scrolls when taking damage. [potion of mutation]
  1706 | D:4      | Reached skill level 4 in Spellcasting
  2007 | D:4      | Reached XP level 7. HP: 40/50 MP: 7/14
  2150 | D:5      | Entered Level 5 of the Dungeon
  2215 | D:5      | Reached skill level 1 in Staves
  2215 | D:5      | Reached skill level 5 in Spellcasting
  2242 | D:5      | Noticed Prince Ribbit
  2245 | D:5      | Killed Prince Ribbit
  2246 | D:5      | Reached XP level 8. HP: 47/58 MP: 6/17
  2366 | D:5      | Found a broken altar of Ashenzari.
  2436 | D:5      | Found a glowing silver altar of Zin.
  2444 | D:5      | Reached skill level 6 in Spellcasting
  2621 | D:5      | Found an iron altar of Okawaru.
  2628 | D:5      | Found a stormy altar of Qazlal.
  2629 | D:5      | Found an opulent altar of Gozag.
  2648 | D:5      | Learned a level 4 spell: Dispel Undead
  2835 | D:5      | Noticed Duvessa
  2835 | D:5      | Noticed Dowan
  2866 | D:6      | Found a blossoming altar of Fedhas.
  2982 | D:6      | Found a staircase to the Ecumenical Temple.
  3056 | D:6      | Gained mutation: You passively map the area around you.
                  | [Meteoran growth]
  3056 | D:6      | Reached XP level 9. HP: 26/63 MP: 3/19
  3140 | D:6      | Noticed Grinder
  3144 | D:6      | Reached skill level 5 in Necromancy
  3147 | D:6      | Killed Grinder
  3682 | Temple   | Entered the Ecumenical Temple
  3691 | Temple   | Became a worshipper of Vehumet
  3774 | D:7      | Noticed Pikel
  3778 | D:7      | Killed Pikel
  3779 | D:7      | Reached skill level 7 in Spellcasting
  3779 | D:7      | Reached XP level 10. HP: 67/70 MP: 3/21
  3896 | D:7      | Noticed Menkaure
  3901 | D:7      | Killed Menkaure
  3902 | D:7      | Reached skill level 1 in Shields
  4107 | D:7      | Glimpsed the power of Zot.
  4156 | D:8      | Noticed a centaur warrior
  4175 | D:8      | Killed a centaur warrior
  4176 | D:8      | Reached skill level 1 in Fighting
  4176 | D:8      | Reached skill level 8 in Spellcasting
  4430 | D:8      | Reached * piety under Vehumet
  4430 | D:8      | Offered knowledge of Foxfire by Vehumet.
  4703 | D:8      | Glimpsed the power of Zot.
  4753 | D:8      | Glimpsed the power of Zot.
  4793 | D:8      | Glimpsed the power of Zot.
  4803 | D:8      | Touched by the power of Zot.
  4809 | D:9      | Found Dunyl's Assorted Antiques.
  4818 | D:9      | Found Bisume Jed's Antique Weapon Shop.
  4830 | D:9      | Reached skill level 9 in Spellcasting
  4830 | D:9      | Reached skill level 10 in Air Magic
  4832 | D:9      | Bought a lajatang for 405 gold pieces
  4838 | D:9      | Bought 2 red potions for 45 gold pieces
  4838 | D:9      | Bought a potion of heal wounds for 125 gold pieces
  4915 | D:10     | Entered Level 10 of the Dungeon
  4919 | D:10     | Reached XP level 11. HP: 8/66 MP: 13/25
  5015 | D:10     | Found Cong's Armour Boutique.
  5025 | D:11     | Learned a level 4 spell: Olgreb's Toxic Radiance
  5025 | D:11     | Found Womudeic's General Store.
  5034 | D:11     | Bought a scroll of fear for 44 gold pieces
  5051 | D:10     | Reached skill level 1 in Poison Magic
  5296 | D:10     | Reached skill level 10 in Spellcasting
  5326 | D:10     | Reached skill level 5 in Conjurations
  5326 | D:10     | Found a staircase to the Orcish Mines.
  5551 | Orc:1    | Entered Level 1 of the Orcish Mines
  5553 | Orc:1    | Noticed a two-headed ogre
  5563 | Orc:1    | Killed a two-headed ogre
  5576 | Orc:1    | Reached ** piety under Vehumet
  5576 | Orc:1    | Offered knowledge of Freeze by Vehumet.
  5577 | Orc:1    | Reached skill level 11 in Spellcasting
  5775 | Orc:2    | Entered Level 2 of the Orcish Mines
  5807 | Orc:2    | Noticed a two-headed ogre
  5812 | Orc:2    | Killed a two-headed ogre
  5815 | Orc:2    | Noticed a two-headed ogre
  5822 | Orc:2    | Reached XP level 12. HP: 81/85 MP: 17/28
  5876 | Orc:2    | Found a staircase to the Elven Halls.
  5878 | Orc:2    | Offered knowledge of Frozen Ramparts by Vehumet.
  5878 | Orc:2    | Noticed a two-headed ogre
  5886 | Orc:2    | Learned a level 3 spell: Frozen Ramparts
  5902 | Orc:2    | Killed a two-headed ogre
  5903 | Orc:2    | Reached skill level 5 in Poison Magic
  5932 | Orc:2    | Noticed a deep troll
  5936 | Orc:2    | Killed a deep troll
  5938 | Orc:2    | Noticed a two-headed ogre
  5969 | Orc:2    | Noticed a deep troll
  5974 | Orc:2    | Killed a two-headed ogre
  5974 | Orc:2    | Killed a deep troll
  5975 | Orc:2    | Reached skill level 5 in Staves
  5975 | Orc:2    | Reached skill level 12 in Spellcasting
  5984 | Orc:2    | Noticed a two-headed ogre
  5990 | Orc:2    | Killed a two-headed ogre
  6002 | Orc:2    | Noticed an ogre mage
  6017 | Orc:2    | Noticed a two-headed ogre
  6022 | Orc:2    | Noticed a two-headed ogre
  6033 | Orc:2    | Killed an ogre mage
  6046 | Orc:2    | Mangled by a two-headed ogre

Illustrated notes

Levels and vault maps discovered:
D:1:      giann_forest_graveyard, layout_loops_ring,
          hellmonk_ecumenical_altar_blasted, minmay_tiny_reverse_x
D:2:      layout_basic, kennysheep_generic_room_13, uniq_natasha
D:3:      layout_loops_ring, dancing_weapons_uskayaw,
          mainiacjoe_overflow_alcove_1, minmay_circle_x, uniq_crazy_yiuf_cottage
D:4:      layout_cave_pools
D:5:      layout_layer_cave, mainiacjoe_overflow_surrounded_room,
          cheibrodos_ashenzari_chains, gammafunk_temple_overflow_forgotten,
          uniq_prince_ribbit1, uniq_duvessa
D:6:      layout_cave_pools, fedhas_bush_and_centaur_altar,
          minmay_temple_entry_from_below_a, uniq_grinder
D:7:      layout_layer_cave, serial_demonic, serial_demonic_d, serial_demonic_g,
          serial_demonic_a, serial_demonic_d, uniq_pikel, uniq_menkaure
D:8:      minmay_diamond_stairs, layout_layer_cave,
          lemuel_zombie_altar_yredelemnul, general_overflow_altar, special_room
          [special_room_orc], kennysheep_generic_room_5, uniq_psyche
D:9:      layout_layer_cave, trog_book, kennysheep_little_box, serial_shops,
          nicolae_shop_overgrown_old_shop, nicolae_take_the_stairs,
          shop_fountains, shop, minivault_26
D:10:     layout_roguey, orc_david_3, serial_shops,
          nicolae_shop_advertising_works [nicolae_subvault_shop_adworks]
D:11:     layout_stronghold, erik_lair_island, serial_shops,
          nicolae_shop_hallway_plus, nicolae_shop_competitors_out_of_business,
          nicolae_shop_crystal, uniq_erica
Temple:   nicolae_temple_two_arcs
Orc:1:    layout_caves
Orc:2:    st_orc_open, layout_caves, mines2_david

Skill      XL: |  1  2  3  4  5  6  7  8  9 10 11 12 |
---------------+-------------------------------------+-----
Spellcasting   | 3 4 5 6 7 9 11 12 | 12.8
Air Magic      | 4 5 6 7 8 10 11 | 11.9
Conjurations   | 2 3 4 5 |  5.0
Evocations     | 2 |  2.0
Staves         | 1 3 4 5 |  5.1
Necromancy     | 4 8 |  8.6
Dodging        | 3 4 |  4.9
Shields        | 2 3 |  3.0
Fighting       | 1 2 3 |  3.0
Poison Magic   | 4 6 |  6.1
Stealth        | |  1.4

Action                   |  1- 3 |  4- 6 |  7- 9 | 10-12 || total
-------------------------+-------+-------+-------+-------++-------
Melee: Unarmed           |     1 |     5 |       |       ||     6
       Quarterstaff      |       |     6 |    21 |    24 ||    51
       Lajatang          |       |       |       |    49 ||    49
 Cast: Shock             |    27 |    63 |    19 |     3 ||   112
       Static Discharge  |     5 |    30 |    25 |    34 ||    94
       Airstrike         |       |     2 |    46 |    52 ||   100
       Dispel Undead     |       |       |       |     7 ||     7
       Olgreb's Toxic Ra |       |       |       |    36 ||    36
       Frozen Ramparts   |       |       |       |     1 ||     1
Evoke: Wand              |       |     1 |     1 |     2 ||     4
  Use: Potion            |       |     6 |     1 |    10 ||    17
       Scroll            |       |    10 |     5 |     9 ||    24
 Stab: Confused          |       |       |     2 |       ||     2
Armor: Robe              |       |     6 |    20 |    29 ||    55
       Skin              |       |     1 |       |       ||     1
Dodge: Dodged            |    10 |    13 |    41 |    77 ||   141
Block: Other             |     6 |     7 |    16 |    36 ||    65
       Reflection        |     1 |       |     3 |     2 ||     6
